 Dungeon Crawl Stone Soup version 0.27-a0-668-gb5737ff2c0 (webtiles) character file.

Game seed: 10113474648329796629

58 siradein the Grave Robber (level 4, 39/39 HPs)
             Began as an Ogre Necromancer on Mar 17, 2021.
             Quit the game on level 3 of the Dungeon.
             The game lasted 00:11:16 (3234 turns).

siradein the Grave Robber (Ogre Necromancer)        Turns: 3234, Time: 00:11:16

Health: 39/39      AC:  3    Str: 12    XL:     4   Next: 2%
Magic:  7/7        EV:  9    Int: 17    God:
Gold:   41         SH:  0    Dex:  9    Spells: 2/7 levels left

rFire    . . .     SeeInvis .   p - +0 war axe
rCold    + . .     Faith    .   (no shield)
rNeg     . . .     Spirit   .   a - +0 robe
rPois    .         Reflect  .   (helmet restricted)
rElec    .         Harm     .   (no cloak)
rCorr    .         Rampage  .   (gloves unavailable)
Will     .....                  (boots unavailable)
Stlth    +.........             (no amulet)
HPRegen  0.13/turn              h - ring of ice
MPRegen  0.10/turn              k - ring of protection from fire

@: no status effects
A: large, unfitting armour, tough skin 1
a: no special abilities


You were on level 3 of the Dungeon.
You visited 1 branch of the dungeon, and saw 3 of its levels.

You collected 41 gold pieces.

Inventory:

Hand Weapons
 p - a +0 war axe (weapon)
Armour
 a - a +0 robe (worn)
Jewellery
 h - a ring of ice (right hand)
 k - a ring of protection from fire (left hand)
Wands
 l - a wand of random effects (10)
Scrolls
 c - 2 scrolls of teleportation {unknown}
 i - 2 scrolls of identify {unknown}
 j - 2 scrolls of magic mapping {unknown}
 m - a scroll of noise {unknown}
 n - a scroll of blinking {unknown}
Potions
 b - a potion of curing {unknown}
 d - a potion of degeneration {unknown}
 e - a potion of berserk rage {unknown}
 f - a potion of haste {unknown}
 g - a potion of brilliance {unknown}
 o - 2 potions of heal wounds {unknown}


   Skills:
 - Level 1.7 Dodging
 - Level 1.4 Stealth
 - Level 2.4 Spellcasting
 + Level 5.0 Necromancy


You had 2 spell levels left.
You knew the following spells:

 Your Spells              Type           Power      Damage    Failure   Level
a - Pain                  Necr           76%        1d7       2%          1
b - Animate Skeleton      Necr           38%        N/A       2%          1
c - Vampiric Draining     Necr           9%         2d7       7%          3

Your spell library contained the following spells:

 Spells                   Type           Power      Damage    Failure   Level
 Apportation              Tloc           4%         N/A       19%         1
 Beastly Appendage        Tmut           4%         N/A       19%         1
 Corona                   Hex            2%         N/A       19%         1
 Magic Dart               Conj           8%         1d3       19%         1
 Summon Small Mammal      Summ           8%         N/A       19%         1
 Blink                    Tloc           N/A        N/A       28%         2
 Call Imp                 Summ           2%         N/A       28%         2
 Ensorcelled Hibernation  Hex/Ice        6%         N/A       28%         2
 Slow                     Hex            2%         N/A       28%         2
 Wereblood                Tmut           2%         N/A       28%         2
 Animate Dead             Necr           9%         N/A       24%         4
 Confusing Touch          Hex            2%         N/A       50%         3
 Conjure Flame            Conj/Fire      2%         6-21      50%         3
 Dazzling Flash           Conj/Hex       4%         N/A       50%         3
 Mephitic Cloud           Conj/Pois/Air  2%         N/A       50%         3
 Spider Form              Tmut/Pois      1%         N/A       50%         3
 Tukima's Dance           Hex            2%         N/A       50%         3
 Agony                    Necr           19%        N/A       54%         5
 Ice Form                 Ice/Tmut       3%         N/A       88%         4
 Blade Hands              Tmut           1%         N/A       99%         5


Dungeon Overview and Level Annotations

Branches:
Dungeon (3/15)

Altars:
Elyvilon
Yredelemnul

Shops:
D:1 [


Innate Abilities, Weirdness & Mutations

You are too large for most types of armour.
You have tough skin. (AC +1)


Message History

Aiming: Pain (safe; 2% risk of failure)
Press: ? - help, Q - select action, (/) - cycle Shift-Dir - straight line, f - you That beam is likely to hit you.
Continue anyway?
Okay, then.
Aiming: Pain (safe; 2% risk of failure)
Press: ? - help, Q - select action, (/) - cycle Shift-Dir - straight line, f - hobgoblin
Aim: a hobgoblin, wielding a +0 club (chance to affect: 89%)
The hobgoblin writhes in agony.
You kill the hobgoblin!
You have reached level 4!
i - 2 scrolls labelled RELUUR CODU (gained 1)
You now have 41 gold pieces (gained 11).
Things that are here:
a +0 club; a hobgoblin corpse
Found an escape hatch in the ceiling.
Found a stone staircase leading up.
Found a stone staircase leading down.
There is a stone staircase leading down here.
Found a stone staircase leading down.
There is a stone staircase leading down here.
A rat comes into view.
Aiming: Pain (safe; 2% risk of failure)
Press: ? - help, Q - select action, (/) - cycle Shift-Dir - straight line, f - rat
Aim: a rat (asleep, chance to affect: 89%)
The rat writhes in agony.
You kill the rat!
Found a stone staircase leading up.
b - a coppery potion
There is a stone staircase leading up here.
Found a long sword.
Found a trident.
Found a basalt altar of Yredelemnul.
You see here a +0 trident.
You see here a +0 trident.
There is a stone staircase leading up here.
Done exploring.
Done exploring.
Saving game... please wait.
Welcome back, siradein the Ogre Necromancer.
Press ? for a list of commands and other information.
Are you sure you want to abandon this character and quit the game? (Confirm with "yes".)

###### .....# ####.###########
...............#
####.......###.###############
#######.# #...............#
########.#################.#
#.............@......# #.# #
#.#####.#####..#####.# #.# #
#.# #.# #..#####.# #.# ###.#
#.# #.....##.# #.# ....#
#.#####..##.##.# #.# #####
#.#...#..##.##.#####.#### #
#............[.†........# #
###...#####.##.#####.##.# #
#########.##.#####.##.#


There were no monsters in sight!

Vanquished Creatures
  A worm (D:3)
  A dart slug (D:1)
  2 leopard geckos (D:1)
  An orc (D:3)
  4 goblins
  8 hobgoblins
  4 jackals (D:1)
  5 kobolds
  2 quokkas
  3 bats (D:3)
  5 frilled lizards
  13 rats
49 creatures vanquished.

Vanquished Creatures (others)
  A plant (D:2)
1 creature vanquished.

Grand Total: 50 creatures vanquished

Notes
Turn   | Place    | Note
-------+----------+-------------------------------------------
     0 | D:1      | siradein the Ogre Necromancer began the quest for the Orb.
     0 | D:1      | Reached XP level 1. HP: 16/16 MP: 3/3
   420 | D:1      | Reached skill level 4 in Necromancy
   420 | D:1      | Reached XP level 2. HP: 22/24 MP: 1/5
   422 | D:1      | Learned a level 1 spell: Animate Skeleton
  1067 | D:1      | Reached XP level 3. HP: 28/31 MP: 3/6
  1455 | D:1      | Found Qupualut's Antique Armour Shoppe.
  2612 | D:3      | Learned a level 3 spell: Vampiric Draining
  2726 | D:3      | Found a white marble altar of Elyvilon.
  2905 | D:3      | Reached skill level 5 in Necromancy
  2942 | D:3      | Reached XP level 4. HP: 38/39 MP: 5/7
  3131 | D:3      | Found a basalt altar of Yredelemnul.
  3234 | D:3      | Quit the game

Illustrated notes

Levels and vault maps discovered:
D:1:      eino_arrival_tree_alley, layout_loops_ring, serial_shops,
          nicolae_shop_overgrown_old_shop, minmay_misc_feat_square,
          minmay_liquid_box
D:2:      layout_basic, chequers_serial_rivers_marsh, serial_bayou_lake_a
D:3:      layout_loops_ring, kennysheep_ying_yang

Skill      XL: |  1  2  3 |
---------------+----------+-----
Necromancy     | 4 5 |  5.0
Dodging        | |  1.7
Stealth        | |  1.4
Spellcasting   | |  2.4

Action                   |  1- 3 |  4- 6 || total
-------------------------+-------+-------++-------
Melee: Rapier            |     3 |       ||     3
 Cast: Pain              |    84 |     1 ||    85
Armor: Robe              |     3 |       ||     3
Dodge: Dodged            |    11 |       ||    11

Table legend: (Time is in decaauts)
 A = Elapsed time spent in this place.
 B = Non-inter-level travel time spent in this place.
 C = Inter-level travel time spent in this place.
 D = Time resting spent in this place.
 E = Time spent auto-exploring this place.
 F = Levels seen in this place.
 G = Mean time per level.
                   A        B        C        D        E       F      G
               +--------+--------+--------+--------+--------+-----+--------+
         Total |   3276 |   3224 |     52 |      0 |   2965 |   3 | 1092.0 |
       Dungeon |   3276 |   3224 |     52 |      0 |   2965 |   3 | 1092.0 |
               +--------+--------+--------+--------+--------+-----+--------+

Top non-repeatable levels by time:
     D:1: 1610 daAuts
     D:2: 908 daAuts
     D:3: 758 daAuts
